 Dungeon Crawl Stone Soup version 0.31-a0-229-g1fc7ce93e2 (webtiles) character file.

Game seed: 62661475183385693

116 qw the Shooter (level 4, 0/36 HPs)
             Began as a Minotaur Hexslinger on July 6, 2023.
             Slain by an orc
             ... wielding a +0 mace
              (5 damage)
             ... on level 3 of the Dungeon.
             The game lasted 00:00:48 (1599 turns).

qw the Shooter (Minotaur Hexslinger)                Turns: 1599, Time: 00:00:48

Health: 0/36       AC:  6    Str: 12    XL:     4   Next: 69%
Magic:  4/4        EV: 11    Int: 10    God:
Gold:   78         SH:  0    Dex: 15    Spells: 4/5 levels left

rFire   . . .        Y - +2 sling
rCold   . . .        (no shield)
rNeg    . . .        b - +0 ring mail
rPois   .            (helmet restricted)
rElec   .            i - +0 cloak
rCorr   .            (no gloves)
SInv    .            (no boots)
Will    .....        (no amulet)
Stlth   +            (no ring)
HPRegen 0.26/turn    (no ring)
MPRegen 0.09/turn

%: no passive effects
@: no status effects
A: horns 2, retaliatory headbutt
a: no special abilities


You were on level 3 of the Dungeon.
You visited 1 branch of the dungeon, and saw 3 of its levels.

You collected 78 gold pieces.


Innate Abilities, Weirdness & Mutations

You have a pair of horns on your head.
You reflexively headbutt those who attack you in melee.


   Skills:
 - Level 2.0 Fighting
 + Level 4.7 Ranged Weapons
 - Level 2.0 Armour
 - Level 2.1 Dodging
 - Level 1.0 Spellcasting
 - Level 2.0 Hexes


You had 4 spell levels left.
You knew the following spells:

 Your Spells              Type           Power      Damage    Failure   Level
a - Slow                  Hex            16%        N/A       32%         1

Your spell library contained the following spells:

 Spells                   Type           Power      Damage    Failure   Level
 Inner Flame              Hex/Fire       2%         N/A       83%         3
 Portal Projectile        Hex/Tloc       4%         N/A       83%         3
 Cause Fear               Hex            2%         N/A       97%         4

Inventory:

Hand Weapons
 Y - a +2 sling (weapon)
Armour
 b - a +0 ring mail (worn)
 i - a +0 cloak (worn)
Potions
 d - a potion of magic {unknown}
 h - a potion of resistance {unknown}
 j - a potion of lignification {unknown}

Dungeon Overview and Level Annotations

Branches:
Dungeon (3/15)

Altars:

Shops:
D:1 !   D:2 =


Message History

You shoot a sling bullet. The sling bullet hits the ball python.
You kill the ball python!
You feel sick.
The orc priest calls upon Beogh to heal the orc.
The orc's wounds heal themselves!
The orc hits you but does no damage. The orc hits you with a +0 mace.
You shoot a sling bullet. The sling bullet hits the orc.
The orc is heavily wounded.
You feel sick. The goblin hits you with a +0 dagger.
The orc priest calls upon Beogh to heal the orc.
The orc's wounds heal themselves!
The orc barely misses you.
You shoot a sling bullet.
The sling bullet hits the orc but does no damage.
You feel sick.
You are no longer poisoned.
The goblin hits you but does no damage. The orc completely misses you.
The orc closely misses you. The orc barely misses you.
The goblin hits you but does no damage. The orc barely misses you.
You shoot a sling bullet.
The sling bullet closely misses the orc.
The goblin hits you but does no damage. The orc closely misses you.
The orc hits you but does no damage.
You shoot a sling bullet. The sling bullet hits the orc priest.
The orc priest is lightly wounded.
A giant cockroach comes into view.
The goblin misses you.
The orc priest hits you but does no damage.
The orc misses you. The orc hits you but does no damage.
You shoot a sling bullet.
The sling bullet closely misses the orc priest.
The goblin barely misses you. You furiously retaliate!
You headbutt the goblin.
You kill the goblin!
The orc priest mumbles some strange prayers to Beogh against you.
Beogh smites you! The orc hits you with a +0 mace.
The orc hits you with a +0 dagger. The orc completely misses you.
The orc barely misses you. The orc priest completely misses you.
You shoot a sling bullet. The sling bullet hits the orc priest.
The orc priest is moderately wounded.
The orc barely misses you. The orc hits you with a +0 mace.
You die...

.# [# .# .. .### B..
###o####..
####.@o......g..
########....o)...)....#
#..............####...
#.######.#.##.># #..###
##.######.##...## .g...
####.........# ##.#
##...# ......######.#
.###....# #####.# #.#
.##.<.>.# #)# #.#
#........#


You could see an orc priest, 2 orcs and a giant cockroach.

Vanquished Creatures
  An orc priest (D:2)
  2 adders (D:2)
  A worm (D:2)
  2 dart slugs (D:1)
  5 orcs
  A ball python (D:3)
  4 endoplasms
  A giant cockroach (D:1)
  6 goblins
  7 hobgoblins
  5 jackals
  2 quokkas
  3 bats
  A frilled lizard (D:1)
  6 kobolds
  7 rats
54 creatures vanquished.

Notes
Turn   | Place    | Note
-------+----------+-------------------------------------------
     0 | D:1      | qw the Minotaur Hexslinger began the quest for the Orb.
     0 | D:1      | Reached XP level 1. HP: 16/16 MP: 1/1
     0 | D:1      | 0 ||| qw: Version: 0.3-a-46-gb1f654a
     0 | D:1      | 0 ||| qw: Game counter: 1667
     0 | D:1      | 0 ||| qw: Melee chars always use a shield: true
     0 | D:1      | 0 ||| qw: God list: Okawaru
     0 | D:1      | 0 ||| qw: Allow faded altars: false
     0 | D:1      | 0 ||| qw: Do Orc after clearing Dungeon:15 true
     0 | D:1      | 0 ||| qw: Do second Lair branch before Depths: true
     0 | D:1      | 0 ||| qw: Lair rune preference: random
     0 | D:1      | 0 ||| qw: Goals: Normal
     0 | D:1      | 0 ||| PLANNING D:1-11
    46 | D:1      | Found Kirghion's Distillery.
    49 | D:1      | 49 ||| SHOPLISTING potion of haste (100 gold, have 17).
    49 | D:1      | 49 ||| SHOPLISTING potion of heal wounds (50 gold, have
                  | 17).
    49 | D:1      | 49 ||| SHOPLISTING potion of mutation (80 gold, have 17).
    49 | D:1      | 49 ||| SHOPLISTING potion of resistance (100 gold, have
                  | 17).
   188 | D:1      | Reached skill level 3 in Ranged Weapons
   188 | D:1      | 188 ||| FLEEEEING.
   203 | D:1      | 203 ||| FLEEEEING.
   204 | D:1      | 204 ||| FLEEEEING.
   207 | D:1      | Reached XP level 2. HP: 22/23 MP: 2/2
   291 | D:1      | 291 ||| FLEEEEING.
   292 | D:1      | 292 ||| FLEEEEING.
   293 | D:1      | 293 ||| FLEEEEING.
   294 | D:1      | 294 ||| FLEEEEING.
   295 | D:1      | 295 ||| FLEEEEING.
   296 | D:1      | 296 ||| FLEEEEING.
   297 | D:1      | 297 ||| FLEEEEING.
   298 | D:1      | 298 ||| FLEEEEING.
   299 | D:1      | 299 ||| FLEEEEING.
   302 | D:1      | 302 ||| FLEEEEING.
   303 | D:1      | 303 ||| FLEEEEING.
   304 | D:1      | 304 ||| FLEEEEING.
   305 | D:1      | 305 ||| FLEEEEING.
   306 | D:1      | 306 ||| FLEEEEING.
   307 | D:1      | 307 ||| FLEEEEING.
   308 | D:1      | 308 ||| FLEEEEING.
   309 | D:1      | 309 ||| FLEEEEING.
   310 | D:1      | 310 ||| FLEEEEING.
   727 | D:1      | Reached XP level 3. HP: 29/29 MP: 3/3
   779 | D:1      | Found a faded altar of an unknown god.
   812 | D:1      | 812 ||| READING scroll labelled KILUFU BOATS.
   813 | D:1      | 813 ||| READING scroll labelled BUMPET WAOMA.
   816 | D:1      | 816 ||| DRINKING 2 brown potions.
   817 | D:1      | 817 ||| DROPPING scroll of poison.
   914 | D:2      | Reached skill level 4 in Ranged Weapons
  1098 | D:2      | Found Xaciq's Jewellery Shoppe.
  1100 | D:2      | 1100 ||| SHOPLISTING +5 ring of evasion (360 gold, have
                  | 67).
  1100 | D:2      | 1100 ||| SHOPLISTING amulet of reflection (300 gold, have
                  | 67).
  1100 | D:2      | 1100 ||| SHOPLISTING ring of ice (250 gold, have 67).
  1100 | D:2      | 1100 ||| SHOPLISTING ring of poison resistance (200 gold,
                  | have 67).
  1100 | D:2      | 1100 ||| SHOPLISTING ring of protection from fire (250
                  | gold, have 67).
  1172 | D:2      | Reached XP level 4. HP: 34/36 MP: 4/4
  1320 | D:2      | 1320 ||| UPGRADING to +0 ring mail.
  1330 | D:2      | 1330 ||| DROPPING +0 robe.
  1331 | D:2      | 1331 ||| UPGRADING to +0 cloak.
  1336 | D:2      | 1336 ||| READING scroll labelled JOUKER SEJ.
  1337 | D:2      | 1337 ||| READING scroll labelled NIMAUNNEXUV.
  1349 | D:3      | 1349 ||| STAIRDANCE
  1416 | D:3      | 1416 ||| STAIRDANCE
  1418 | D:2      | HP: 8/36 [orc/+0 club (4)]
  1419 | D:2      | 1419 ||| READING scroll of teleportation.
  1420 | D:2      | 1420 ||| DRINKING potion of heal wounds.
  1598 | D:3      | HP: 7/36 [orc/+0 mace (5)]
  1599 | D:3      | Slain by an orc

Levels and vault maps discovered:
D:1:      dpeg_arrival_rooms_with_view, layout_basic, serial_shops,
          nicolae_shop_real_fake_doors, shapermc_ecumenical_altar_hornbeckon
D:2:      layout_rooms, serial_shops, nicolae_shop_gaudy_bauble
D:3:      layout_loops_ring, mainiacjoe_overflow_alcove_2,
          mainiacjoe_overflow_24_doors

Skill      XL: |  1  2  3  4 |
---------------+-------------+-----
Ranged Weapons | 3 4 |  4.7
Fighting       | 2 |  2.0
Armour         | 2 |  2.0
Dodging        | |  2.1
Spellcasting   | |  1.0
Hexes          | |  2.0

Action                     |  1- 3 |  4- 6 || total
---------------------------+-------+-------++-------
   Fire: Sling             |   126 |    47 ||   173
    Use: Scroll            |     2 |     3 ||     5
         Potion            |     1 |     1 ||     2
 Armour: Robe              |     8 |     2 ||    10
         Ring mail         |       |    14 ||    14
  Dodge: Dodged            |    31 |    40 ||    71

Table legend:
 A = Non-vault XP
 B = Vault XP
 C = Vault XP percentage of total XP
 D = Non-vault monster count
 E = Vault monster count
 F = Vault count percentage of total count
                 A         B        C        D         E       F
            +---------+---------+-------+---------+---------+-------
      Total |     163 |       3 |   1.8 |      52 |       2 |   3.7
            +---------+---------+-------+---------+---------+-------
        D:1 |      40 |       3 |   7.0 |      21 |       2 |   8.7
        D:2 |     102 |       0 |   0.0 |      22 |       0 |   0.0
        D:3 |      21 |       0 |   0.0 |       9 |       0 |   0.0
            +---------+---------+-------+---------+---------+-------
